IL
FRESNO GRIZZLIES @ TACOMA RAINIERS
07/26/2049
 
TOP OF THE 1ST
Fresno Grizzlies batting - Pitching for Tacoma Rainiers : RHP Jose Albarran
Pitching: RHP Jose Albarran
Batting: SHB Ryan Chicoine 0-0: Ball
1-0: Called Strike
1-1: SINGLE (Groundball, 34D, EV 100.0 MPH)
Batting: LHB Danny Wolver 0-0: Called Strike
0-1: Foul Ball, location: 2F
0-2: Ball
1-2: Strikes out swinging
Batting: LHB Josh Birkner 0-0: Called Strike
0-1: Fly out, F7 (Line Drive, 78M, EV 102.5 MPH)
Batting: RHB Elijah Hunter 0-0: Ball
Ryan Chicoine steals 2nd base
1-0: Ball
2-0: Called Strike
2-1: Ball
3-1: Base on Balls
Batting: LHB Bob Govella 0-0: Called Strike
0-1: Foul Ball, location: 2F
0-2: Ball
1-2: Foul Ball, location: 2F
1-2: Foul Ball, location: 2F
1-2: Strikes out swinging
Top of the 1st over - 0 runs, 1 hit, 0 errors, 2 left on base; Fresno 0 - Tacoma 0
BOTTOM OF THE 1ST
Tacoma Rainiers batting - Pitching for Fresno Grizzlies : RHP Michael Bruce
Pitching: RHP Michael Bruce
Batting: LHB Jawad Fahad 0-0: Foul Ball, location: 2F
0-1: Ball
1-1: Called Strike
1-2: Strikes out swinging
Batting: SHB Isaiah Cherry 0-0: Ball
1-0: Called Strike
1-1: Called Strike
1-2: Ball
2-2: Foul Ball, location: 2F
2-2: Strikes out looking
Batting: LHB Ryan Lowe 0-0: Foul Ball, location: 2F
0-1: Called Strike
0-2: SINGLE (Groundball, 34D, EV 101.9 MPH)
Batting: LHB Josh Pittman 0-0: Called Strike
0-1: Ball
1-1: Ball
2-1: Swinging Strike
2-2: SINGLE (Groundball, 4MD, EV 97.5 MPH)
Ryan Lowe to second
Batting: RHB Hideo Okimura 0-0: Ball
1-0: Ball
2-0: Ground out 4-3 (Groundball, 4, EV 81.2 MPH)
Bottom of the 1st over - 0 runs, 2 hits, 0 errors, 2 left on base; Fresno 0 - Tacoma 0
TOP OF THE 2ND
Fresno Grizzlies batting - Pitching for Tacoma Rainiers : RHP Jose Albarran
Batting: RHB Ramon Castellon 0-0: Ball
1-0: Ball
2-0: Ball
3-0: Called Strike
3-1: Foul Ball, location: 2F
3-2: DOUBLE (Line Drive, 9LM, EV 111.9 MPH)
Batting: RHB Etsuro Hosokawa 0-0: Called Strike
0-1: Ground out 6-3 (Groundball, 6MS, EV 85.6 MPH)
Ramon Castellon to third
Batting: RHB Kyle Davis 0-0: 2-RUN HOME RUN (Flyball, 78XD, EV 106.9 MPH), Distance : 418 ft
Batting: RHB Nick Deegan 0-0: Swinging Strike
0-1: Ball
1-1: Foul Ball, location: 2F
1-2: Strikes out looking
Batting: SHB Ryan Chicoine 0-0: Called Strike
0-1: Ground out U3 (Groundball, 3, EV 101.9 MPH)
Top of the 2nd over - 2 runs, 2 hits, 0 errors, 0 left on base; Fresno 2 - Tacoma 0
BOTTOM OF THE 2ND
Tacoma Rainiers batting - Pitching for Fresno Grizzlies : RHP Michael Bruce
Batting: RHB Max Schellekens 0-0: Foul Ball, location: 2F
0-1: Ball
1-1: Ball
2-1: Ball
3-1: Ground out U3 (Groundball, 3, EV 100.6 MPH)
Batting: RHB Jesus Santiago 0-0: Ball
1-0: Ball
2-0: Foul Ball, location: 2F
2-1: Swinging Strike
2-2: Strikes out swinging
Batting: RHB Andy Heimark 0-0: Swinging Strike
0-1: Ball
1-1: Foul Ball, location: 2F
1-2: Strikes out looking
Bottom of the 2nd over - 0 runs, 0 hits, 0 errors, 0 left on base; Fresno 2 - Tacoma 0
TOP OF THE 3RD
Fresno Grizzlies batting - Pitching for Tacoma Rainiers : RHP Jose Albarran
Batting: LHB Danny Wolver 0-0: Called Strike
0-1: Called Strike
0-2: Foul Ball, location: 2F
0-2: Ball
1-2: Foul Ball, location: 2F
1-2: Ball
2-2: Fly out, F9 (Line Drive, 9, EV 105.0 MPH)
Batting: LHB Josh Birkner 0-0: Ball
1-0: Fly out, F7 (Flyball, 7, EV 93.8 MPH)
Batting: RHB Elijah Hunter 0-0: Ball
1-0: Swinging Strike
1-1: SINGLE (Line Drive, 7LS, EV 106.9 MPH)
Batting: LHB Bob Govella 0-0: Ball
1-0: Ball
2-0: Called Strike
2-1: Ball
3-1: Base on Balls
Elijah Hunter to second
Batting: RHB Ramon Castellon 0-0: Ball
1-0: Ball
2-0: Called Strike
2-1: Swinging Strike
2-2: Strikes out swinging
Top of the 3rd over - 0 runs, 1 hit, 0 errors, 2 left on base; Fresno 2 - Tacoma 0
BOTTOM OF THE 3RD
Tacoma Rainiers batting - Pitching for Fresno Grizzlies : RHP Michael Bruce
Batting: RHB Josh Carpenter 0-0: Foul Ball, location: 2F
0-1: Ball
1-1: Ball
2-1: Swinging Strike
2-2: Strikes out swinging
Batting: LHB Jawad Fahad 0-0: Ball
1-0: Ball
2-0: Ground out U3 (Groundball, 34, EV 96.2 MPH)
Batting: SHB Isaiah Cherry 0-0: Called Strike
0-1: Ground out 2-3 (Groundball, 15S, EV 71.2 MPH)
Bottom of the 3rd over - 0 runs, 0 hits, 0 errors, 0 left on base; Fresno 2 - Tacoma 0
TOP OF THE 4TH
Fresno Grizzlies batting - Pitching for Tacoma Rainiers : RHP Jose Albarran
Batting: RHB Etsuro Hosokawa 0-0: Ball
1-0: Ball
2-0: Foul Ball, location: 2F
2-1: Ball
3-1: Called Strike
3-2: Foul Ball, location: 2F
3-2: Base on Balls
Batting: RHB Kyle Davis 0-0: Called Strike
0-1: Ball
Etsuro Hosokawa steals 2nd, throwing error, E2
Etsuro Hosokawa to third
1-1: Ball
2-1: Fly out, F8 (Line Drive, 89S, EV 99.4 MPH)
Batting: RHB Nick Deegan 0-0: Ball
1-0: Ball
2-0: Swinging Strike
2-1: Ball
3-1: Base on Balls
Batting: SHB Ryan Chicoine 0-0: Ball
1-0: Called Strike
1-1: Foul Ball, location: 2F
1-2: Foul Ball, location: 2F
1-2: Ball
2-2: Ball
3-2: Base on Balls
Nick Deegan to second
Batting: LHB Danny Wolver 0-0: Foul Ball, location: 2F
0-1: Called Strike
0-2: Fly out, F7 (Flyball, 7S, EV 85.0 MPH)
Batting: LHB Josh Birkner 0-0: Ball
1-0: SINGLE (Groundball, 4D, EV 103.8 MPH)
Etsuro Hosokawa scores
Nick Deegan to third
Ryan Chicoine to second
Runner from 3rd tries for Home, SAFE, throw by CF to home
Batting: RHB Elijah Hunter 0-0: Ball
1-0: Fly out, F8 (Flyball, 78S, EV 91.9 MPH)
Top of the 4th over - 2 runs, 1 hit, 1 error, 2 left on base; Fresno 4 - Tacoma 0
BOTTOM OF THE 4TH
Tacoma Rainiers batting - Pitching for Fresno Grizzlies : RHP Michael Bruce
Batting: LHB Ryan Lowe 0-0: Foul Ball, location: 2F
0-1: Called Strike
0-2: Ball
1-2: Foul Ball, location: 2F
1-2: Strikes out looking
Batting: LHB Josh Pittman 0-0: Called Strike
0-1: Foul Ball, location: 2F
0-2: Ball
1-2: DOUBLE (Line Drive, 78D, EV 110.6 MPH)
Batting: RHB Hideo Okimura 0-0: Ball
1-0: Ball
2-0: Ground out 5-3 (Groundball, 56, EV 89.4 MPH)
Batting: RHB Max Schellekens 0-0: Swinging Strike
0-1: Ball
1-1: Swinging Strike
1-2: Fly out, F4 (Popup, 4, EV 59.4 MPH)
Bottom of the 4th over - 0 runs, 1 hit, 0 errors, 1 left on base; Fresno 4 - Tacoma 0
TOP OF THE 5TH
Fresno Grizzlies batting - Pitching for Tacoma Rainiers : RHP Jose Albarran
Batting: LHB Bob Govella 0-0: SOLO HOME RUN (Flyball, 9D, EV 94.4 MPH), Distance : 360 ft
Pitching: RHP Matt Fox
Batting: RHB Ramon Castellon 0-0: Called Strike
0-1: Ground out 5-3 (Groundball, 56S, EV 86.2 MPH)
Batting: RHB Etsuro Hosokawa 0-0: Ball
1-0: Called Strike
1-1: Swinging Strike
1-2: Foul Ball, location: 2F
1-2: Strikes out swinging
Batting: RHB Kyle Davis 0-0: Ball
1-0: Ball
2-0: Called Strike
2-1: Ground out 6-3 (Groundball, 6, EV 83.1 MPH)
Top of the 5th over - 1 run, 1 hit, 0 errors, 0 left on base; Fresno 5 - Tacoma 0
BOTTOM OF THE 5TH
Tacoma Rainiers batting - Pitching for Fresno Grizzlies : RHP Michael Bruce
Batting: RHB Jesus Santiago 0-0: Ball
1-0: Swinging Strike
1-1: Ground out 6-3 (Groundball, 6, EV 88.1 MPH)
Batting: RHB Andy Heimark 0-0: Called Strike
0-1: Ground out 6-3 (Groundball, 6, EV 98.8 MPH)
Batting: RHB Josh Carpenter 0-0: Called Strike
0-1: Fly out, F8 (Line Drive, 78M, EV 90.0 MPH)
Bottom of the 5th over - 0 runs, 0 hits, 0 errors, 0 left on base; Fresno 5 - Tacoma 0
TOP OF THE 6TH
Fresno Grizzlies batting - Pitching for Tacoma Rainiers : RHP Matt Fox
Batting: RHB Nick Deegan 0-0: Foul Ball, location: 2F
0-1: Ball
1-1: Ball
2-1: Foul Ball, location: 2F
2-2: Ball
3-2: Strikes out swinging
Batting: SHB Ryan Chicoine 0-0: SINGLE (Groundball, 25, EV 73.8 MPH) (infield hit)
Batting: LHB Danny Wolver 0-0: Ball
1-0: Called Strike
1-1: Swinging Strike
1-2: Fielders Choice at 2nd, 1-6 (Groundball, 13S, EV 73.8 MPH)
Batting: LHB Josh Birkner 0-0: Called Strike
Danny Wolver steals 2nd base
0-1: Foul Ball, location: 2F
0-2: Strikes out swinging
Top of the 6th over - 0 runs, 1 hit, 0 errors, 1 left on base; Fresno 5 - Tacoma 0
BOTTOM OF THE 6TH
Tacoma Rainiers batting - Pitching for Fresno Grizzlies : RHP Michael Bruce
Batting: LHB Jawad Fahad 0-0: Ball
1-0: Ball
2-0: SINGLE (Groundball, 34S, EV 68.8 MPH) (infield hit)
Batting: SHB Isaiah Cherry 0-0: Swinging Strike
0-1: Ball
1-1: Ball
2-1: Foul Ball, location: 2F
2-2: Ball
3-2: Fly out, F8 (Flyball, 8LXD, EV 89.4 MPH)
Batting: LHB Ryan Lowe 0-0: Ball
Wild Pitch!
Jawad Fahad to second
1-0: Swinging Strike
1-1: Ground out 6-3 (Groundball, 6, EV 84.4 MPH)
Batting: LHB Josh Pittman 0-0: SINGLE (Groundball, 34D, EV 98.8 MPH)
Jawad Fahad to third
Runner from 3rd tries for Home, SAFE, throw by RF to home
Batting: RHB Hideo Okimura 0-0: Ball
1-0: Ball
2-0: Ball
3-0: Base on Balls
Josh Pittman to second
Batting: RHB Max Schellekens 0-0: Ball
1-0: SINGLE (Groundball, 6D, EV 98.1 MPH)
Josh Pittman to third
Hideo Okimura to second
Throwing error, E8
Josh Pittman scores
Hideo Okimura to third
Max Schellekens to second
Batting: RHB Jesus Santiago 0-0: Ball
1-0: Ball
2-0: Called Strike
2-1: Swinging Strike
2-2: Strikes out swinging
Bottom of the 6th over - 2 runs, 3 hits, 1 error, 2 left on base; Fresno 5 - Tacoma 2
TOP OF THE 7TH
Fresno Grizzlies batting - Pitching for Tacoma Rainiers : RHP Matt Fox
Batting: RHB Elijah Hunter 0-0: Ball
1-0: Called Strike
1-1: Ball
2-1: Fly out, F9 (Flyball, 9D, EV 105.6 MPH)
Batting: LHB Bob Govella 0-0: Called Strike
0-1: SINGLE (Line Drive, 7S, EV 91.2 MPH)
Batting: RHB Ramon Castellon Pickoff Throw to First - Out! 1-3
0-0: Ball
1-0: Ball
2-0: Ground out 5-3 (Groundball, 56S, EV 90.6 MPH)
Top of the 7th over - 0 runs, 1 hit, 0 errors, 0 left on base; Fresno 5 - Tacoma 2
BOTTOM OF THE 7TH
Tacoma Rainiers batting - Pitching for Fresno Grizzlies : RHP Michael Bruce
Batting: RHB Andy Heimark 0-0: Foul Ball, location: 2F
0-1: Ball
1-1: Reached on error, E6 (Groundball, 6, EV 107.5 MPH)
Batting: RHB Josh Carpenter 0-0: Called Strike
0-1: Ball
1-1: Foul Ball, location: 2F
1-2: Ball
2-2: Strikes out swinging
Pitching: LHP Dzintars Balodis
Batting: LHB Jawad Fahad 0-0: Swinging Strike
0-1: Ball
1-1: Foul Ball, location: 2F
1-2: Ball
2-2: Grounds into double play, 4-6-3 (Groundball, 4S, EV 79.4 MPH)
Bottom of the 7th over - 0 runs, 0 hits, 1 error, 0 left on base; Fresno 5 - Tacoma 2
TOP OF THE 8TH
Fresno Grizzlies batting - Pitching for Tacoma Rainiers : RHP Matt Fox
Pitching: RHP Dan Johnson
Batting: RHB Etsuro Hosokawa 0-0: Ball
1-0: Ball
2-0: Ball
3-0: Base on Balls
Batting: RHB Kyle Davis 0-0: Ball
1-0: Called Strike
Etsuro Hosokawa steals 2nd base
1-1: Ball
2-1: Ball
3-1: Foul Ball, location: 2F
3-2: Foul Ball, location: 2F
3-2: Foul Ball, location: 2F
3-2: Foul Ball, location: 2F
3-2: Foul Ball, location: 2F
3-2: Base on Balls
Batting: RHB Nick Deegan 0-0: Bunted foul
0-1: Sac Bunt to 15 - play at first, batter OUT! 1-4
Etsuro Hosokawa to third
Kyle Davis to second
Batting: SHB Ryan Chicoine 0-0: Called Strike
0-1: Foul Ball, location: 2F
0-2: Ground out 6-3 (Groundball, 6, EV 106.9 MPH)
Etsuro Hosokawa scores
Batting: LHB Danny Wolver 0-0: Foul Ball, location: 2F
0-1: Ball
1-1: Ball
2-1: Swinging Strike
2-2: SINGLE (Groundball, 4MS, EV 68.8 MPH) (infield hit)
Kyle Davis to third
Batting: LHB Josh Birkner 0-0: Ball
1-0: Called Strike
1-1: Ball
2-1: Ball
3-1: Ground out 4-3 (Groundball, 4, EV 84.4 MPH)
Top of the 8th over - 1 run, 1 hit, 0 errors, 2 left on base; Fresno 6 - Tacoma 2
BOTTOM OF THE 8TH
Tacoma Rainiers batting - Pitching for Fresno Grizzlies : LHP Dzintars Balodis
Batting: SHB Isaiah Cherry 0-0: Ball
1-0: Foul Ball, location: 2F
1-1: Called Strike
1-2: Fly out, F8 (Line Drive, 8LXD, EV 89.4 MPH)
Batting: RHB Zach Downs 0-0: Fly out, F3 (Popup, 3, EV 79.4 MPH)
Batting: LHB Josh Pittman 0-0: SINGLE (Groundball, 4MD, EV 103.8 MPH)
Pitching: LHP Curt Joseph
Batting: RHB Hideo Okimura 0-0: Called Strike
0-1: Called Strike
0-2: Ball
1-2: Strikes out looking
Bottom of the 8th over - 0 runs, 1 hit, 0 errors, 1 left on base; Fresno 6 - Tacoma 2
TOP OF THE 9TH
Fresno Grizzlies batting - Pitching for Tacoma Rainiers : RHP Dan Johnson
Pitching: RHP Edwin Carrasco
Batting: RHB Elijah Hunter 0-0: Ground out 6-3 (Groundball, 6M, EV 102.5 MPH)
Batting: LHB Bob Govella 0-0: Called Strike
0-1: Called Strike
0-2: DOUBLE (Flyball, 78D, EV 93.8 MPH)
Batting: RHB Ramon Castellon 0-0: Ball
1-0: Foul Ball, location: 2F
1-1: Ball
2-1: Ball
3-1: Base on Balls
Batting: RHB Etsuro Hosokawa 0-0: Ball
1-0: Ball
2-0: Foul Ball, location: 2F
2-1: Called Strike
2-2: Strikes out swinging
Batting: RHB Kyle Davis 0-0: Ball
1-0: Called Strike
1-1: Ground out 4-3 (Groundball, 4, EV 91.2 MPH)
Top of the 9th over - 0 runs, 1 hit, 0 errors, 2 left on base; Fresno 6 - Tacoma 2
BOTTOM OF THE 9TH
Tacoma Rainiers batting - Pitching for Fresno Grizzlies : LHP Curt Joseph
Batting: RHB Max Schellekens 0-0: Ball
1-0: Ball
2-0: Called Strike
2-1: Called Strike
2-2: Ball
3-2: Strikes out swinging
Batting: RHB Jesus Santiago 0-0: Called Strike
0-1: Ball
1-1: Hit by Pitch
Pinch Hitting: RHB Adan Lake 0-0: Ball
1-0: Called Strike
1-1: SINGLE (Groundball, 6D, EV 96.2 MPH)
Jesus Santiago to second
Jesus Santiago to third
Pitching: RHP Josh Holloway
Pinch Hitting: RHB Steve Martin 0-0: Foul Ball, location: 2F
0-1: Foul Ball, location: 2F
0-2: Ball
1-2: Foul Ball, location: 2F
1-2: Strikes out swinging
Batting: LHB Jawad Fahad 0-0: Called Strike
0-1: Called Strike
0-2: Ball
1-2: Foul Ball, location: 2F
1-2: Ball
2-2: Ball
3-2: Base on Balls
Adan Lake to second
Batting: SHB Isaiah Cherry 0-0: Foul Ball, location: 2F
0-1: Ball
1-1: Foul Ball, location: 2F
1-2: Foul Ball, location: 2F
1-2: Foul Ball, location: 2F
1-2: Ball
2-2: Foul Ball, location: 2F
2-2: Fly out, F7 (Flyball, 78M, EV 90.0 MPH)
Bottom of the 9th over - 0 runs, 1 hit, 0 errors, 3 left on base; Fresno 6 - Tacoma 2
Sunday, July 16th , 2023 - OOTP Baseball 24.6 Build 69